SAA
WESTWOOD SIXSHOOTERS @ DURHAM RAPIERS
07/29/2027
 
TOP OF THE 1ST
Westwood Sixshooters batting - Pitching for Durham Rapiers : RHP Jim Unknown
Pitching: RHP Jim Unknown
Batting: LHB António Quintero 0-0: Foul Ball, location: 2F
0-1: Ball
1-1: Ball
2-1: Foul Ball, location: 2F
2-2: Ground out 1-3 (Groundball, 15S)
Batting: RHB Edgar González 0-0: Called Strike
0-1: Ball
1-1: Fly out, F9 (Flyball, 9LM)
Batting: RHB Wrangler Haresnape 0-0: Called Strike
0-1: Called Strike
0-2: Foul Ball, location: 2F
0-2: Foul Ball, location: 2F
0-2: SINGLE (Groundball, 4MD)
Batting: LHB Mitchell Cusimano 0-0: Ball
1-0: Fly out, F7 (Flyball, 78D)
Top of the 1st over - 0 run(s), 1 hit(s), 0 error(s), 1 left on base; Westwood 0 - Durham 0
BOTTOM OF THE 1ST
Durham Rapiers batting - Pitching for Westwood Sixshooters : RHP Nicholas Adams
Pitching: RHP Nicholas Adams
Batting: RHB Orlando Montoya 0-0: Ball
1-0: Ball
2-0: Ball
3-0: Called Strike
3-1: Fly out, F6 (Popup, 6D)
Batting: LHB Steve Costillo 0-0: Swinging Strike
0-1: Ball
1-1: Ground out 4-3 (Groundball, 4)
Batting: SHB Marcos Roa 0-0: Ball
1-0: Foul Ball, location: 2F
1-1: Foul Ball, location: 2F
1-2: SOLO HOME RUN (Flyball, 89XD), Distance : 431 ft
Batting: SHB Tae-shik Ch'oe 0-0: Ball
1-0: Foul Ball, location: 2F
1-1: Foul Ball, location: 2F
1-2: Ball
2-2: Foul Ball, location: 2F
2-2: Foul Ball, location: 2F
2-2: SINGLE (Groundball, 4D)
Batting: RHB Luis Martínez 0-0: Swinging Strike
0-1: Ball
1-1: Ball
2-1: Ball
3-1: Foul Ball, location: 2F
3-2: Foul Ball, location: 2F
3-2: Base on Balls
Tae-shik Ch'oe to second
Batting: RHB Santo Alba 0-0: Ball
1-0: Foul Ball, location: 2F
1-1: Foul Ball, location: 2F
1-2: Ground out 3-1 (Groundball, 34)
Bottom of the 1st over - 1 run(s), 2 hit(s), 0 error(s), 2 left on base; Westwood 0 - Durham 1
TOP OF THE 2ND
Westwood Sixshooters batting - Pitching for Durham Rapiers : RHP Jim Unknown
Batting: RHB Steve Bock 0-0: Foul Ball, location: 2F
0-1: DOUBLE (Line Drive, 8RXD)
Batting: LHB Bob Daugherty 0-0: Foul Ball, location: 2F
0-1: Swinging Strike
0-2: Strikes out looking and he ARGUES THE CALL AND IS TOSSED!
Batting: RHB Chris Corella 0-0: Ground out 4-3 (Groundball, 4M)
Steve Bock to third
Batting: LHB Ricky Payton 0-0: Called Strike
0-1: Foul Ball, location: 2F
0-2: Ball
1-2: SINGLE (Line Drive, 34D)
Steve Bock scores
Batting: RHB Alonso Zamora 0-0: Fly out, F7 (Line Drive, 7)
Top of the 2nd over - 1 run(s), 2 hit(s), 0 error(s), 1 left on base; Westwood 1 - Durham 1
BOTTOM OF THE 2ND
Durham Rapiers batting - Pitching for Westwood Sixshooters : RHP Nicholas Adams
Now in RF: Jim Schlossnagle
Batting: RHB Rick McGuire 0-0: Fly out, F7 (Flyball, 7)
Batting: RHB Dave Sienna 0-0: Foul Ball, location: 2F
0-1: Foul Ball, location: 2F
0-2: Ball
1-2: DOUBLE (Groundball, 5L)
Batting: SHB Carlos Chávez 0-0: Ball
Dave Sienna is caught stealing 3rd base
1-0: Called Strike
1-1: Ball
2-1: Ground out 5-3 (Groundball, 56S)
Bottom of the 2nd over - 0 run(s), 1 hit(s), 0 error(s), 0 left on base; Westwood 1 - Durham 1
TOP OF THE 3RD
Westwood Sixshooters batting - Pitching for Durham Rapiers : RHP Jim Unknown
Batting: LHB António Quintero 0-0: Fly out, F8 (Line Drive, 89M)
Batting: RHB Edgar González 0-0: Called Strike
0-1: Called Strike
0-2: Fly out, F6 (Line Drive, 6M)
Batting: RHB Wrangler Haresnape 0-0: Ball
1-0: Ball
2-0: Ball
3-0: Called Strike
3-1: Base on Balls
Batting: LHB Mitchell Cusimano 0-0: Called Strike
Wrangler Haresnape steals 2nd base
0-1: Foul Ball, location: 2F
0-2: Strikes out swinging
Top of the 3rd over - 0 run(s), 0 hit(s), 0 error(s), 1 left on base; Westwood 1 - Durham 1
BOTTOM OF THE 3RD
Durham Rapiers batting - Pitching for Westwood Sixshooters : RHP Nicholas Adams
Batting: RHB Orlando Montoya 0-0: Called Strike
0-1: Ball
1-1: Fly out, F7 (Flyball, 7LM)
Batting: LHB Steve Costillo 0-0: Ball
1-0: Ball
2-0: Foul Ball, location: 2F
2-1: Foul Ball, location: 2F
2-2: Ball
3-2: Foul Ball, location: 2F
3-2: Base on Balls
Batting: SHB Marcos Roa 0-0: Ball
1-0: Fly out, F8 (Flyball, 8LD)
Batting: SHB Tae-shik Ch'oe 0-0: Called Strike
0-1: Ball
Steve Costillo steals 2nd base
1-1: Ball
2-1: Ball
Wild Pitch!
Steve Costillo to third
3-1: 2-RUN HOME RUN (Flyball, 9D), Distance : 365 ft
Batting: RHB Luis Martínez 0-0: Ground out 6-3 (Groundball, 6)
Bottom of the 3rd over - 2 run(s), 1 hit(s), 0 error(s), 0 left on base; Westwood 1 - Durham 3
TOP OF THE 4TH
Westwood Sixshooters batting - Pitching for Durham Rapiers : RHP Jim Unknown
Batting: RHB Steve Bock 0-0: Ball
1-0: Ball
2-0: Foul Ball, location: 2F
2-1: Foul Ball, location: 2F
2-2: Foul Ball, location: 2F
2-2: Foul Ball, location: 2F
2-2: SINGLE (Line Drive, 8LS)
Batting: LHB Jim Schlossnagle 0-0: Swinging Strike
0-1: Ball
1-1: Foul Ball, location: 2F
1-2: DOUBLE (Line Drive, 78XD)
Steve Bock to third
Batting: RHB Chris Corella 0-0: Ball
1-0: Ball
2-0: Ball
3-0: Called Strike
3-1: Foul Ball, location: 2F
3-2: Strikes out swinging
Batting: LHB Ricky Payton 0-0: Ball
1-0: Fly out, F9 (Flyball, 9S)
Batting: RHB Alonso Zamora 0-0: Ball
1-0: Ball
2-0: Fly out, F8 (Flyball, 8LM)
Top of the 4th over - 0 run(s), 2 hit(s), 0 error(s), 2 left on base; Westwood 1 - Durham 3
BOTTOM OF THE 4TH
Durham Rapiers batting - Pitching for Westwood Sixshooters : RHP Nicholas Adams
Batting: RHB Santo Alba 0-0: Fly out, F7 (Flyball, 78D)
Batting: RHB Rick McGuire 0-0: Called Strike
0-1: Ball
1-1: Ball
2-1: Ball
3-1: Swinging Strike
3-2: Foul Ball, location: 2F
3-2: Fly out, F7 (Flyball, 7)
Batting: RHB Dave Sienna 0-0: Called Strike
0-1: Ground out 5-3 (Groundball, 56)
Bottom of the 4th over - 0 run(s), 0 hit(s), 0 error(s), 0 left on base; Westwood 1 - Durham 3
TOP OF THE 5TH
Westwood Sixshooters batting - Pitching for Durham Rapiers : RHP Jim Unknown
Batting: LHB António Quintero 0-0: Ball
1-0: Ball
2-0: Swinging Strike
2-1: Foul Ball, location: 2F
2-2: Ball
3-2: DOUBLE (Groundball, 3L)
Batting: RHB Edgar González 0-0: Ball
António Quintero steals 3rd base
1-0: Ground out 1-5-3 (Groundball, 15S)
António Quintero scores
Batting: RHB Wrangler Haresnape 0-0: Foul Ball, location: 2F
0-1: Foul Ball, location: 2F
0-2: DOUBLE (Line Drive, 78D)
Batting: LHB Mitchell Cusimano 0-0: Ball
1-0: Ground out 5-3 (Groundball, 56)
Batting: RHB Steve Bock 0-0: Called Strike
0-1: Foul Ball, location: 2F
0-2: Ball
1-2: Ball
2-2: Ball
3-2: Fly out, F7 (Line Drive, 78S)
Top of the 5th over - 1 run(s), 2 hit(s), 0 error(s), 1 left on base; Westwood 2 - Durham 3
BOTTOM OF THE 5TH
Durham Rapiers batting - Pitching for Westwood Sixshooters : RHP Nicholas Adams
Batting: SHB Carlos Chávez 0-0: Ball
1-0: SOLO HOME RUN (Flyball, 9D), Distance : 393 ft
Batting: RHB Orlando Montoya 0-0: Fly out, F8 (Flyball, 8LS)
Batting: LHB Steve Costillo 0-0: Ball
1-0: Ball
2-0: Swinging Strike
2-1: Swinging Strike
2-2: DOUBLE (Line Drive, 9LM)
Batting: SHB Marcos Roa 0-0: Ball
1-0: Ball
2-0: Ball
3-0: Base on Balls
Batting: SHB Tae-shik Ch'oe 0-0: Ball
1-0: Called Strike
1-1: Called Strike
1-2: Foul Ball, location: 2F
1-2: Fielders Choice at 2nd, 4-6 (Groundball, 4MD)
Steve Costillo to third
Pitching: RHP Joe Griffin
Batting: RHB Luis Martínez 0-0: Ball
1-0: Fly out, F8 (Flyball, 8LM)
Bottom of the 5th over - 1 run(s), 2 hit(s), 0 error(s), 2 left on base; Westwood 2 - Durham 4
TOP OF THE 6TH
Westwood Sixshooters batting - Pitching for Durham Rapiers : RHP Jim Unknown
Batting: LHB Jim Schlossnagle 0-0: SINGLE (Line Drive, 3D)
Batting: RHB Chris Corella 0-0: Ball
1-0: SINGLE (Line Drive, 4D)
Jim Schlossnagle to second
Runner from 2nd tries for 3rd, SAFE, no throw
Batting: LHB Ricky Payton 0-0: Called Strike
0-1: Fly out, F8 (Flyball, 8RD)
Runner from 3rd tags up, SCORES, no throw
Batting: RHB Alonso Zamora 0-0: Fly out, F7 (Flyball, 7S)
Batting: LHB António Quintero 0-0: Called Strike
0-1: Ball
1-1: Ball
2-1: Ball
3-1: Base on Balls
Chris Corella to second
Batting: RHB Edgar González 0-0: Fielders Choice at 2nd, 4-6 (Groundball, 4)
Top of the 6th over - 1 run(s), 2 hit(s), 0 error(s), 1 left on base; Westwood 3 - Durham 4
BOTTOM OF THE 6TH
Durham Rapiers batting - Pitching for Westwood Sixshooters : RHP Joe Griffin
Batting: RHB Santo Alba 0-0: Ball
1-0: Ball
2-0: Ball
3-0: Base on Balls
Batting: RHB Rick McGuire 0-0: Called Strike
0-1: Ball
1-1: Ball
2-1: Called Strike
2-2: Ball
3-2: Foul Ball, location: 2F
3-2: Foul Ball, location: 2F
3-2: Foul Ball, location: 2F
3-2: SINGLE (Groundball, 56D)
Santo Alba to second
Batting: RHB Dave Sienna 0-0: Ball
1-0: Ball
2-0: Called Strike
2-1: Foul Ball, location: 2F
2-2: Ball
3-2: Foul Ball, location: 2F
3-2: Foul Ball, location: 2F
3-2: Foul Ball, location: 2F
3-2: Ground out 5-3 (Groundball, 56S)
Santo Alba to third
Rick McGuire to second
Batting: SHB Carlos Chávez 0-0: Foul Ball, location: 2F
0-1: Called Strike
0-2: Strikes out looking
Batting: RHB Orlando Montoya 0-0: Called Strike
0-1: Foul Ball, location: 2F
0-2: Ball
1-2: Foul Ball, location: 2F
1-2: Strikes out swinging
Bottom of the 6th over - 0 run(s), 1 hit(s), 0 error(s), 2 left on base; Westwood 3 - Durham 4
TOP OF THE 7TH
Westwood Sixshooters batting - Pitching for Durham Rapiers : RHP Jim Unknown
Batting: RHB Wrangler Haresnape 0-0: Called Strike
0-1: Hit by Pitch
Batting: LHB Mitchell Cusimano 0-0: Called Strike
0-1: Swinging Strike
0-2: Foul Ball, location: 2F
0-2: Ground out 4-3 (Groundball, 4S)
Wrangler Haresnape to second
Batting: RHB Steve Bock 0-0: Ball
1-0: Ground out 6-3 (Groundball, 6)
Batting: LHB Jim Schlossnagle 0-0: Ball
Passed Ball!
Wrangler Haresnape to third
1-0: Called Strike
1-1: Ball
2-1: Swinging Strike
2-2: Ball
3-2: Base on Balls
Batting: RHB Chris Corella 0-0: Swinging Strike
0-1: Foul Ball, location: 2F
0-2: Ball
1-2: Fielders Choice at 2nd, 6-4 (Groundball, 6)
Top of the 7th over - 0 run(s), 0 hit(s), 0 error(s), 1 left on base; Westwood 3 - Durham 4
BOTTOM OF THE 7TH
Durham Rapiers batting - Pitching for Westwood Sixshooters : RHP Joe Griffin
Pitching: RHP Alfonso Garza
Batting: LHB Steve Costillo 0-0: Called Strike
0-1: Foul Ball, location: 2F
0-2: Ball
1-2: Fly out, F6 (Line Drive, 6)
Batting: SHB Marcos Roa 0-0: Ball
1-0: Ball
2-0: SINGLE (Line Drive, 4MD)
Batting: SHB Tae-shik Ch'oe 0-0: Foul Ball, location: 2F
0-1: Ball
1-1: Ball
2-1: Ball
3-1: Fielders Choice at 2nd, 1-4 (Groundball, 15)
Pinch Hitting: LHB Martín Cruz 0-0: Called Strike
0-1: Swinging Strike
0-2: Foul Ball, location: 2F
0-2: Strikes out looking
Bottom of the 7th over - 0 run(s), 1 hit(s), 0 error(s), 1 left on base; Westwood 3 - Durham 4
TOP OF THE 8TH
Westwood Sixshooters batting - Pitching for Durham Rapiers : RHP Jim Unknown
Pitching: RHP Jim Unknown
Now in LF: Anthony Hopkins
Batting: LHB Ricky Payton 0-0: Ground out 3-1 (Groundball, 34)
Batting: RHB Alonso Zamora 0-0: Called Strike
0-1: Called Strike
0-2: Ball
1-2: Strikes out looking
Batting: LHB António Quintero 0-0: Ball
1-0: Ground out 1-3 (Groundball, 13S)
Top of the 8th over - 0 run(s), 0 hit(s), 0 error(s), 0 left on base; Westwood 3 - Durham 4
BOTTOM OF THE 8TH
Durham Rapiers batting - Pitching for Westwood Sixshooters : RHP Alfonso Garza
Batting: RHB Santo Alba 0-0: Foul Ball, location: 2F
0-1: Ball
1-1: Ball
2-1: Swinging Strike
2-2: Ball
3-2: Base on Balls
Batting: RHB Rick McGuire 0-0: Ball
1-0: Grounds into double play, 5-4-3 (Groundball, 6)
Batting: RHB Dave Sienna 0-0: Ball
1-0: Ball
2-0: Foul Ball, location: 2F
2-1: SINGLE (Groundball, 3D)
Pinch Hitting: RHB António Díaz 0-0: Called Strike
Dave Sienna steals 2nd base
0-1: SINGLE (Groundball, 6MD)
Dave Sienna to third
Runner from 3rd tries for Home, SAFE, no throw
Batting: RHB Orlando Montoya 0-0: Called Strike
0-1: Foul Ball, location: 2F
0-2: Ball
António Díaz steals 2nd base
1-2: Ground out 6-3 (Groundball, 6)
Bottom of the 8th over - 1 run(s), 2 hit(s), 0 error(s), 1 left on base; Westwood 3 - Durham 5
TOP OF THE 9TH
Westwood Sixshooters batting - Pitching for Durham Rapiers : RHP Jim Unknown
Now at SS: António Díaz
Batting: RHB Edgar González 0-0: Ball
1-0: Called Strike
1-1: SINGLE (Flyball, 8RS)
Batting: RHB Wrangler Haresnape 0-0: Ball
1-0: Foul Ball, location: 2F
1-1: Grounds into double play, 5-4-3 (Groundball, 56)
Batting: LHB Mitchell Cusimano 0-0: Ground out 3-1 (Groundball, 34)
Top of the 9th over - 0 run(s), 1 hit(s), 0 error(s), 0 left on base; Westwood 3 - Durham 5
Saturday, May 26th, 2018 - OOTP Baseball 17.12 Build 75